Workbook

Sheet Synthèse
A1: Catégorie | B1: Prévu TTC | C1: Réalisé TTC | D1: Écart TTC | E1: Suivi réalisé | G1: Indicateur | H1: Valeur
A2: =Paramètres!D2 | B2: =SUMIFS('Budget restauration'!$K$2:$K$101,'Budget restauration'!$D$2:$D$101,A2) | C2: =SUMIFS('Budget restauration'!$O$2:$O$101,'Budget restauration'!$D$2:$D$101,A2) | D2: =C2-B2 | E2: =IF(COUNTIF('Budget restauration'!$D$2:$D$101,A2)=0,"Aucun poste",IF(COUNTIFS('Budget restauration'!$D$2:$D$101,A2,'Budget restauration'!$L$2:$L$101,"<>",'Budget restauration'!$M$2:$M$101,"<>")=0,"Non renseigné",IF(COUNTIFS('Budget restauration'!$D$2:$D$101,A2,'Budget restauration'!$L$2:$L$101,"<>",'Budget restauration'!$M$2:$M$101,"<>")=COUNTIF('Budget restauration'!$D$2:$D$101,A2),"Renseigné","Partiel"))) | G2: Événement interne | H2: =Paramètres!B1
A3: =Paramètres!D3 | B3: =SUMIFS('Budget restauration'!$K$2:$K$101,'Budget restauration'!$D$2:$D$101,A3) | C3: =SUMIFS('Budget restauration'!$O$2:$O$101,'Budget restauration'!$D$2:$D$101,A3) | D3: =C3-B3 | E3: =IF(COUNTIF('Budget restauration'!$D$2:$D$101,A3)=0,"Aucun poste",IF(COUNTIFS('Budget restauration'!$D$2:$D$101,A3,'Budget restauration'!$L$2:$L$101,"<>",'Budget restauration'!$M$2:$M$101,"<>")=0,"Non renseigné",IF(COUNTIFS('Budget restauration'!$D$2:$D$101,A3,'Budget restauration'!$L$2:$L$101,"<>",'Budget restauration'!$M$2:$M$101,"<>")=COUNTIF('Budget restauration'!$D$2:$D$101,A3),"Renseigné","Partiel"))) | G3: Date de début | H3: =Paramètres!B2
A4: =Paramètres!D4 | B4: =SUMIFS('Budget restauration'!$K$2:$K$101,'Budget restauration'!$D$2:$D$101,A4) | C4: =SUMIFS('Budget restauration'!$O$2:$O$101,'Budget restauration'!$D$2:$D$101,A4) | D4: =C4-B4 | E4: =IF(COUNTIF('Budget restauration'!$D$2:$D$101,A4)=0,"Aucun poste",IF(COUNTIFS('Budget restauration'!$D$2:$D$101,A4,'Budget restauration'!$L$2:$L$101,"<>",'Budget restauration'!$M$2:$M$101,"<>")=0,"Non renseigné",IF(COUNTIFS('Budget restauration'!$D$2:$D$101,A4,'Budget restauration'!$L$2:$L$101,"<>",'Budget restauration'!$M$2:$M$101,"<>")=COUNTIF('Budget restauration'!$D$2:$D$101,A4),"Renseigné","Partiel"))) | G4: Date de fin | H4: =Paramètres!B3
A5: =Paramètres!D5 | B5: =SUMIFS('Budget restauration'!$K$2:$K$101,'Budget restauration'!$D$2:$D$101,A5) | C5: =SUMIFS('Budget restauration'!$O$2:$O$101,'Budget restauration'!$D$2:$D$101,A5) | D5: =C5-B5 | E5: =IF(COUNTIF('Budget restauration'!$D$2:$D$101,A5)=0,"Aucun poste",IF(COUNTIFS('Budget restauration'!$D$2:$D$101,A5,'Budget restauration'!$L$2:$L$101,"<>",'Budget restauration'!$M$2:$M$101,"<>")=0,"Non renseigné",IF(COUNTIFS('Budget restauration'!$D$2:$D$101,A5,'Budget restauration'!$L$2:$L$101,"<>",'Budget restauration'!$M$2:$M$101,"<>")=COUNTIF('Budget restauration'!$D$2:$D$101,A5),"Renseigné","Partiel"))) | G5: Participants prévisionnels | H5: =Paramètres!B4
A6: =Paramètres!D6 | B6: =SUMIFS('Budget restauration'!$K$2:$K$101,'Budget restauration'!$D$2:$D$101,A6) | C6: =SUMIFS('Budget restauration'!$O$2:$O$101,'Budget restauration'!$D$2:$D$101,A6) | D6: =C6-B6 | E6: =IF(COUNTIF('Budget restauration'!$D$2:$D$101,A6)=0,"Aucun poste",IF(COUNTIFS('Budget restauration'!$D$2:$D$101,A6,'Budget restauration'!$L$2:$L$101,"<>",'Budget restauration'!$M$2:$M$101,"<>")=0,"Non renseigné",IF(COUNTIFS('Budget restauration'!$D$2:$D$101,A6,'Budget restauration'!$L$2:$L$101,"<>",'Budget restauration'!$M$2:$M$101,"<>")=COUNTIF('Budget restauration'!$D$2:$D$101,A6),"Renseigné","Partiel"))) | G6: Enveloppe restauration TTC | H6: =Paramètres!B5
A7: =Paramètres!D7 | B7: =SUMIFS('Budget restauration'!$K$2:$K$101,'Budget restauration'!$D$2:$D$101,A7) | C7: =SUMIFS('Budget restauration'!$O$2:$O$101,'Budget restauration'!$D$2:$D$101,A7) | D7: =C7-B7 | E7: =IF(COUNTIF('Budget restauration'!$D$2:$D$101,A7)=0,"Aucun poste",IF(COUNTIFS('Budget restauration'!$D$2:$D$101,A7,'Budget restauration'!$L$2:$L$101,"<>",'Budget restauration'!$M$2:$M$101,"<>")=0,"Non renseigné",IF(COUNTIFS('Budget restauration'!$D$2:$D$101,A7,'Budget restauration'!$L$2:$L$101,"<>",'Budget restauration'!$M$2:$M$101,"<>")=COUNTIF('Budget restauration'!$D$2:$D$101,A7),"Renseigné","Partiel"))) | G7: Total prévu TTC | H7: =B8
A8: Total | B8: =SUM(B2:B7) | C8: =SUM(C2:C7) | D8: =C8-B8 | E8: =IF(COUNTIF('Budget restauration'!$A$2:$A$101,"<>")=0,"Aucun poste",IF(COUNTIFS('Budget restauration'!$A$2:$A$101,"<>",'Budget restauration'!$L$2:$L$101,"<>",'Budget restauration'!$M$2:$M$101,"<>")=COUNTIF('Budget restauration'!$A$2:$A$101,"<>"),"Renseigné","Partiel / non renseigné")) | G8: Marge sur enveloppe | H8: =IF(OR(H6="",H7=""),"",H6-H7)
G9: Coût prévu par participant | H9: =IFERROR(B8/Paramètres!B4,"")
G10: Total réalisé TTC | H10: =C8
G11: Postes à chiffrer | H11: =COUNTIF('Budget restauration'!$Q$2:$Q$101,"À chiffrer")
G12: Postes dépassés | H12: =COUNTIF('Budget restauration'!$Q$2:$Q$101,"Dépassé")

Sheet Budget restauration
A1: ID poste | B1: Date du service | C1: Service | D1: Catégorie | E1: Libellé | F1: Quantité prévue | G1: Unité | H1: Coût unitaire prévu HT | I1: Taux appliqué | J1: Budget HT | K1: Budget TTC | L1: Quantité réelle | M1: Coût unitaire réel HT | N1: Réalisé HT | O1: Réalisé TTC | P1: Écart TTC | Q1: Statut | R1: Commentaire
A2: REST-001 | B2: 46310 | C2: Accueil | D2: Boissons | E2: Accueil — café, thé et eau | F2: 80 | G2: personne | H2: 3.2 | I2: 0.1 | J2: =IF(OR(F2="",H2=""),"",F2*H2) | K2: =IF(OR(J2="",I2=""),"",J2*(1+I2)) | L2: 84 | M2: 3.3 | N2: =IF(OR(L2="",M2=""),"",L2*M2) | O2: =IF(OR(N2="",I2=""),"",N2*(1+I2)) | P2: =IF(OR(K2="",O2=""),"",O2-K2) | Q2: =IF(COUNTA(A2:I2,L2:M2,R2)=0,"",IF(OR(F2="",H2="",I2=""),"À chiffrer",IF(OR(L2="",M2=""),"Prévu",IF(P2>0,"Dépassé","Dans le budget")))) | R2: Prévision fictive pour l’ouverture.
A3: REST-002 | B3: 46310 | C3: Matin | D3: Pauses | E3: Viennoiseries du matin | F3: 100 | G3: portion | H3: 1.8 | I3: 0.1 | J3: =IF(OR(F3="",H3=""),"",F3*H3) | K3: =IF(OR(J3="",I3=""),"",J3*(1+I3)) | L3: 96 | M3: 1.75 | N3: =IF(OR(L3="",M3=""),"",L3*M3) | O3: =IF(OR(N3="",I3=""),"",N3*(1+I3)) | P3: =IF(OR(K3="",O3=""),"",O3-K3) | Q3: =IF(COUNTA(A3:I3,L3:M3,R3)=0,"",IF(OR(F3="",H3="",I3=""),"À chiffrer",IF(OR(L3="",M3=""),"Prévu",IF(P3>0,"Dépassé","Dans le budget")))) | R3: Quantités fictives ajustées après service.
A4: REST-003 | B4: 46310 | C4: Matin | D4: Boissons | E4: Jus de fruits | F4: 12 | G4: litre | H4: 4.5 | I4: 0.1 | J4: =IF(OR(F4="",H4=""),"",F4*H4) | K4: =IF(OR(J4="",I4=""),"",J4*(1+I4)) | L4: 14 | M4: 4.6 | N4: =IF(OR(L4="",M4=""),"",L4*M4) | O4: =IF(OR(N4="",I4=""),"",N4*(1+I4)) | P4: =IF(OR(K4="",O4=""),"",O4-K4) | Q4: =IF(COUNTA(A4:I4,L4:M4,R4)=0,"",IF(OR(F4="",H4="",I4=""),"À chiffrer",IF(OR(L4="",M4=""),"Prévu",IF(P4>0,"Dépassé","Dans le budget")))) | R4: Consommation fictive supérieure au prévu.
A5: REST-004 | B5: 46310 | C5: Déjeuner | D5: Repas | E5: Déjeuner en portions | F5: 120 | G5: portion | H5: 22 | I5: 0.1 | J5: =IF(OR(F5="",H5=""),"",F5*H5) | K5: =IF(OR(J5="",I5=""),"",J5*(1+I5)) | L5: 116 | M5: 23 | N5: =IF(OR(L5="",M5=""),"",L5*M5) | O5: =IF(OR(N5="",I5=""),"",N5*(1+I5)) | P5: =IF(OR(K5="",O5=""),"",O5-K5) | Q5: =IF(COUNTA(A5:I5,L5:M5,R5)=0,"",IF(OR(F5="",H5="",I5=""),"À chiffrer",IF(OR(L5="",M5=""),"Prévu",IF(P5>0,"Dépassé","Dans le budget")))) | R5: Exemple fictif de dépassement unitaire.
A6: REST-005 | B6: 46310 | C6: Déjeuner | D6: Repas | E6: Option végétale | F6: 18 | G6: portion | H6: 4.5 | I6: 0.1 | J6: =IF(OR(F6="",H6=""),"",F6*H6) | K6: =IF(OR(J6="",I6=""),"",J6*(1+I6)) | L6: 20 | M6: 4.8 | N6: =IF(OR(L6="",M6=""),"",L6*M6) | O6: =IF(OR(N6="",I6=""),"",N6*(1+I6)) | P6: =IF(OR(K6="",O6=""),"",O6-K6) | Q6: =IF(COUNTA(A6:I6,L6:M6,R6)=0,"",IF(OR(F6="",H6="",I6=""),"À chiffrer",IF(OR(L6="",M6=""),"Prévu",IF(P6>0,"Dépassé","Dans le budget")))) | R6: Option fictive complémentaire.
A7: REST-006 | B7: 46310 | C7: Déjeuner | D7: Boissons | E7: Eau du déjeuner | F7: 24 | G7: litre | H7: 0.6 | I7: 0.1 | J7: =IF(OR(F7="",H7=""),"",F7*H7) | K7: =IF(OR(J7="",I7=""),"",J7*(1+I7)) | L7: 24 | M7: 0.62 | N7: =IF(OR(L7="",M7=""),"",L7*M7) | O7: =IF(OR(N7="",I7=""),"",N7*(1+I7)) | P7: =IF(OR(K7="",O7=""),"",O7-K7) | Q7: =IF(COUNTA(A7:I7,L7:M7,R7)=0,"",IF(OR(F7="",H7="",I7=""),"À chiffrer",IF(OR(L7="",M7=""),"Prévu",IF(P7>0,"Dépassé","Dans le budget")))) | R7: Conditionnement fictif.
A8: REST-007 | B8: 46311 | C8: Après-midi | D8: Pauses | E8: Pause sucrée | F8: 110 | G8: portion | H8: 3.1 | I8: 0.1 | J8: =IF(OR(F8="",H8=""),"",F8*H8) | K8: =IF(OR(J8="",I8=""),"",J8*(1+I8)) | L8: 108 | M8: 3.25 | N8: =IF(OR(L8="",M8=""),"",L8*M8) | O8: =IF(OR(N8="",I8=""),"",N8*(1+I8)) | P8: =IF(OR(K8="",O8=""),"",O8-K8) | Q8: =IF(COUNTA(A8:I8,L8:M8,R8)=0,"",IF(OR(F8="",H8="",I8=""),"À chiffrer",IF(OR(L8="",M8=""),"Prévu",IF(P8>0,"Dépassé","Dans le budget")))) | R8: Service fictif du second jour.
A9: REST-008 | B9: 46311 | C9: Soirée | D9: Personnel | E9: Personnel de service au forfait | F9: 4 | G9: forfait | H9: 320 | I9: 0.2 | J9: =IF(OR(F9="",H9=""),"",F9*H9) | K9: =IF(OR(J9="",I9=""),"",J9*(1+I9)) | L9: 4 | M9: 320 | N9: =IF(OR(L9="",M9=""),"",L9*M9) | O9: =IF(OR(N9="",I9=""),"",N9*(1+I9)) | P9: =IF(OR(K9="",O9=""),"",O9-K9) | Q9: =IF(COUNTA(A9:I9,L9:M9,R9)=0,"",IF(OR(F9="",H9="",I9=""),"À chiffrer",IF(OR(L9="",M9=""),"Prévu",IF(P9>0,"Dépassé","Dans le budget")))) | R9: Hypothèse fictive de quatre forfaits.
A10: REST-009 | B10: 46311 | C10: Soirée | D10: Matériel | E10: Location de vaisselle | F10: 120 | G10: pièce | H10: 1.25 | I10: 0.2 | J10: =IF(OR(F10="",H10=""),"",F10*H10) | K10: =IF(OR(J10="",I10=""),"",J10*(1+I10)) | L10: 118 | M10: 1.3 | N10: =IF(OR(L10="",M10=""),"",L10*M10) | O10: =IF(OR(N10="",I10=""),"",N10*(1+I10)) | P10: =IF(OR(K10="",O10=""),"",O10-K10) | Q10: =IF(COUNTA(A10:I10,L10:M10,R10)=0,"",IF(OR(F10="",H10="",I10=""),"À chiffrer",IF(OR(L10="",M10=""),"Prévu",IF(P10>0,"Dépassé","Dans le budget")))) | R10: Location fictive sans prestataire identifié.
A11: REST-010 | B11: 46311 | C11: Soirée | D11: Divers | E11: Consommables divers | F11: 8 | G11: pièce | H11: 9 | I11: 0.2 | J11: =IF(OR(F11="",H11=""),"",F11*H11) | K11: =IF(OR(J11="",I11=""),"",J11*(1+I11)) | N11: =IF(OR(L11="",M11=""),"",L11*M11) | O11: =IF(OR(N11="",I11=""),"",N11*(1+I11)) | P11: =IF(OR(K11="",O11=""),"",O11-K11) | Q11: =IF(COUNTA(A11:I11,L11:M11,R11)=0,"",IF(OR(F11="",H11="",I11=""),"À chiffrer",IF(OR(L11="",M11=""),"Prévu",IF(P11>0,"Dépassé","Dans le budget")))) | R11: Réalisation fictive encore non renseignée.
J12: =IF(OR(F12="",H12=""),"",F12*H12) | K12: =IF(OR(J12="",I12=""),"",J12*(1+I12)) | N12: =IF(OR(L12="",M12=""),"",L12*M12) | O12: =IF(OR(N12="",I12=""),"",N12*(1+I12)) | P12: =IF(OR(K12="",O12=""),"",O12-K12) | Q12: =IF(COUNTA(A12:I12,L12:M12,R12)=0,"",IF(OR(F12="",H12="",I12=""),"À chiffrer",IF(OR(L12="",M12=""),"Prévu",IF(P12>0,"Dépassé","Dans le budget"))))
J13: =IF(OR(F13="",H13=""),"",F13*H13) | K13: =IF(OR(J13="",I13=""),"",J13*(1+I13)) | N13: =IF(OR(L13="",M13=""),"",L13*M13) | O13: =IF(OR(N13="",I13=""),"",N13*(1+I13)) | P13: =IF(OR(K13="",O13=""),"",O13-K13) | Q13: =IF(COUNTA(A13:I13,L13:M13,R13)=0,"",IF(OR(F13="",H13="",I13=""),"À chiffrer",IF(OR(L13="",M13=""),"Prévu",IF(P13>0,"Dépassé","Dans le budget"))))
J14: =IF(OR(F14="",H14=""),"",F14*H14) | K14: =IF(OR(J14="",I14=""),"",J14*(1+I14)) | N14: =IF(OR(L14="",M14=""),"",L14*M14) | O14: =IF(OR(N14="",I14=""),"",N14*(1+I14)) | P14: =IF(OR(K14="",O14=""),"",O14-K14) | Q14: =IF(COUNTA(A14:I14,L14:M14,R14)=0,"",IF(OR(F14="",H14="",I14=""),"À chiffrer",IF(OR(L14="",M14=""),"Prévu",IF(P14>0,"Dépassé","Dans le budget"))))
J15: =IF(OR(F15="",H15=""),"",F15*H15) | K15: =IF(OR(J15="",I15=""),"",J15*(1+I15)) | N15: =IF(OR(L15="",M15=""),"",L15*M15) | O15: =IF(OR(N15="",I15=""),"",N15*(1+I15)) | P15: =IF(OR(K15="",O15=""),"",O15-K15) | Q15: =IF(COUNTA(A15:I15,L15:M15,R15)=0,"",IF(OR(F15="",H15="",I15=""),"À chiffrer",IF(OR(L15="",M15=""),"Prévu",IF(P15>0,"Dépassé","Dans le budget"))))
J16: =IF(OR(F16="",H16=""),"",F16*H16) | K16: =IF(OR(J16="",I16=""),"",J16*(1+I16)) | N16: =IF(OR(L16="",M16=""),"",L16*M16) | O16: =IF(OR(N16="",I16=""),"",N16*(1+I16)) | P16: =IF(OR(K16="",O16=""),"",O16-K16) | Q16: =IF(COUNTA(A16:I16,L16:M16,R16)=0,"",IF(OR(F16="",H16="",I16=""),"À chiffrer",IF(OR(L16="",M16=""),"Prévu",IF(P16>0,"Dépassé","Dans le budget"))))
J17: =IF(OR(F17="",H17=""),"",F17*H17) | K17: =IF(OR(J17="",I17=""),"",J17*(1+I17)) | N17: =IF(OR(L17="",M17=""),"",L17*M17) | O17: =IF(OR(N17="",I17=""),"",N17*(1+I17)) | P17: =IF(OR(K17="",O17=""),"",O17-K17) | Q17: =IF(COUNTA(A17:I17,L17:M17,R17)=0,"",IF(OR(F17="",H17="",I17=""),"À chiffrer",IF(OR(L17="",M17=""),"Prévu",IF(P17>0,"Dépassé","Dans le budget"))))
J18: =IF(OR(F18="",H18=""),"",F18*H18) | K18: =IF(OR(J18="",I18=""),"",J18*(1+I18)) | N18: =IF(OR(L18="",M18=""),"",L18*M18) | O18: =IF(OR(N18="",I18=""),"",N18*(1+I18)) | P18: =IF(OR(K18="",O18=""),"",O18-K18) | Q18: =IF(COUNTA(A18:I18,L18:M18,R18)=0,"",IF(OR(F18="",H18="",I18=""),"À chiffrer",IF(OR(L18="",M18=""),"Prévu",IF(P18>0,"Dépassé","Dans le budget"))))
J19: =IF(OR(F19="",H19=""),"",F19*H19) | K19: =IF(OR(J19="",I19=""),"",J19*(1+I19)) | N19: =IF(OR(L19="",M19=""),"",L19*M19) | O19: =IF(OR(N19="",I19=""),"",N19*(1+I19)) | P19: =IF(OR(K19="",O19=""),"",O19-K19) | Q19: =IF(COUNTA(A19:I19,L19:M19,R19)=0,"",IF(OR(F19="",H19="",I19=""),"À chiffrer",IF(OR(L19="",M19=""),"Prévu",IF(P19>0,"Dépassé","Dans le budget"))))
J20: =IF(OR(F20="",H20=""),"",F20*H20) | K20: =IF(OR(J20="",I20=""),"",J20*(1+I20)) | N20: =IF(OR(L20="",M20=""),"",L20*M20) | O20: =IF(OR(N20="",I20=""),"",N20*(1+I20)) | P20: =IF(OR(K20="",O20=""),"",O20-K20) | Q20: =IF(COUNTA(A20:I20,L20:M20,R20)=0,"",IF(OR(F20="",H20="",I20=""),"À chiffrer",IF(OR(L20="",M20=""),"Prévu",IF(P20>0,"Dépassé","Dans le budget"))))
J21: =IF(OR(F21="",H21=""),"",F21*H21) | K21: =IF(OR(J21="",I21=""),"",J21*(1+I21)) | N21: =IF(OR(L21="",M21=""),"",L21*M21) | O21: =IF(OR(N21="",I21=""),"",N21*(1+I21)) | P21: =IF(OR(K21="",O21=""),"",O21-K21) | Q21: =IF(COUNTA(A21:I21,L21:M21,R21)=0,"",IF(OR(F21="",H21="",I21=""),"À chiffrer",IF(OR(L21="",M21=""),"Prévu",IF(P21>0,"Dépassé","Dans le budget"))))
J22: =IF(OR(F22="",H22=""),"",F22*H22) | K22: =IF(OR(J22="",I22=""),"",J22*(1+I22)) | N22: =IF(OR(L22="",M22=""),"",L22*M22) | O22: =IF(OR(N22="",I22=""),"",N22*(1+I22)) | P22: =IF(OR(K22="",O22=""),"",O22-K22) | Q22: =IF(COUNTA(A22:I22,L22:M22,R22)=0,"",IF(OR(F22="",H22="",I22=""),"À chiffrer",IF(OR(L22="",M22=""),"Prévu",IF(P22>0,"Dépassé","Dans le budget"))))
J23: =IF(OR(F23="",H23=""),"",F23*H23) | K23: =IF(OR(J23="",I23=""),"",J23*(1+I23)) | N23: =IF(OR(L23="",M23=""),"",L23*M23) | O23: =IF(OR(N23="",I23=""),"",N23*(1+I23)) | P23: =IF(OR(K23="",O23=""),"",O23-K23) | Q23: =IF(COUNTA(A23:I23,L23:M23,R23)=0,"",IF(OR(F23="",H23="",I23=""),"À chiffrer",IF(OR(L23="",M23=""),"Prévu",IF(P23>0,"Dépassé","Dans le budget"))))
... J101: =IF(OR(F101="",H101=""),"",F101*H101) | K101: =IF(OR(J101="",I101=""),"",J101*(1+I101)) | N101: =IF(OR(L101="",M101=""),"",L101*M101) | O101: =IF(OR(N101="",I101=""),"",N101*(1+I101)) | P101: =IF(OR(K101="",O101=""),"",O101-K101) | Q101: =IF(COUNTA(A101:I101,L101:M101,R101)=0,"",IF(OR(F101="",H101="",I101=""),"À chiffrer",IF(OR(L101="",M101=""),"Prévu",IF(P101>0,"Dépassé","Dans le budget"))))

Sheet Paramètres
A1: Nom interne de l’événement | B1: Séminaire fictif Horizon Mandarine 2026 | D1: Catégories | E1: Services | F1: Unités
A2: Date de début | B2: 46310 | D2: Boissons | E2: Accueil | F2: personne
A3: Date de fin | B3: 46311 | D3: Pauses | E3: Matin | F3: portion
A4: Participants prévisionnels | B4: 120 | D4: Repas | E4: Déjeuner | F4: pièce
A5: Enveloppe restauration TTC | B5: 5500 | D5: Personnel | E5: Après-midi | F5: litre
D6: Matériel | E6: Soirée | F6: forfait
D7: Divers
A8: Usage | B8: Outil interne de simulation : ni devis, ni pièce comptable ou fiscale.
A9: Taux | B9: Les taux sont saisis par l’utilisateur sans présumer de leur applicabilité.
A10: Données | B10: Aucun participant, prestataire, CRM ou système de billetterie réel n’est connecté.
A12: Recalcul manuel | B12: Attendu TTC | C12: Contrôle | D12: Contrôle automatique | E12: Résultat
A13: Ligne 2 — accueil | B13: 281.6 | C13: =IFERROR(IF(ABS('Budget restauration'!K2-B13)<0.01,"Conforme","À vérifier"),"À vérifier") | D13: Doublons d’ID | E13: =IF(SUMPRODUCT(--('Budget restauration'!$A$2:$A$101<>""),--(COUNTIF('Budget restauration'!$A$2:$A$101,'Budget restauration'!$A$2:$A$101)>1))>0,"Doublon détecté","Aucun doublon")
A14: Ligne 5 — déjeuner | B14: 2904 | C14: =IFERROR(IF(ABS('Budget restauration'!K5-B14)<0.01,"Conforme","À vérifier"),"À vérifier") | D14: Dates de service | E14: =IF(OR(B2="",B3=""),"Période à renseigner",IF(COUNTIFS('Budget restauration'!$B$2:$B$101,"<>",'Budget restauration'!$B$2:$B$101,"<"&B2)+COUNTIFS('Budget restauration'!$B$2:$B$101,">"&B3)>0,"Date hors période","Dates cohérentes"))
A15: Total détaillé / synthèse | C15: =IFERROR(IF(ABS(Synthèse!B8-SUM('Budget restauration'!K2:K101))<0.01,"Conforme","À vérifier"),"À vérifier") | D15: Taux saisis | E15: =IF(COUNTIF('Budget restauration'!$I$2:$I$101,"<0")+COUNTIF('Budget restauration'!$I$2:$I$101,">1")>0,"Taux invalide","Taux dans la plage")
D16: Dépassements TTC | E16: =COUNTIF('Budget restauration'!$P$2:$P$101,">0")
D17: Effectif prévisionnel | E17: =IF(B4="","À renseigner","Renseigné")
A19: Essais à effectuer sur une copie
A20: Doublon d’ID | B20: Recopier un ID existant : la cellule ID doit devenir rouge.
A21: Date hors période | B21: Saisir une date avant le début ou après la fin : la saisie doit être bloquée ou signalée.
A22: Taux invalide | B22: Saisir un taux inférieur à 0 % ou supérieur à 100 % : la saisie doit être bloquée.
A23: Dépassement | B23: Augmenter une quantité ou un coût réel : un écart TTC positif doit apparaître en rouge.
A24: Effectif vide | B24: Effacer temporairement l’effectif : le coût prévu par participant doit rester vide.
